Map: Invader LE

Players

capac - Winner!

  • Race: Terran Terran
  • League: Gold

A.I. 1 (Elite)

  • Race: Zerg Zerg

VOD

Have the link to the VOD?

Description

Time

  • Played on: May 10, 2016, 11:56 a.m.
  • Length: 16:09
Show
View Real Time Build Order
Export as new Build Order

capac Terran - Winner!

Build Orders: Reaper Expand, Bio Tank 

Get SALT Encoding   

  12  0:00  SCV  
  13  0:13  SCV  
  14  0:20  Supply Depot  
  14  0:25  SCV  
  15  0:42  SCV  
  16  0:43  Barracks  
  16  0:46  Refinery  
  16  0:54  SCV  
  17  1:06  SCV  
  18  1:18  SCV  
  19  1:30  Orbital Command  
  19  1:32  Reaper  
  20  1:43  Command Center  
  20  1:54  Supply Depot  
  20  1:55  SCV  
  21  2:04  Marine  
  22  2:13  Factory  
  22  2:14  SCV  
  23  2:19  Refinery  
  23  2:24  Marine  
  24  2:33  SCV  
  25  2:42  Marine  
  26  2:51  SCV  
  26  2:53  Barracks  
  26  2:58  Factory Tech Lab  
  27  3:00  Starport, Marine  
  27  3:02  SCV  
  29  3:11  Bunker  
  29  3:15  SCV  
  29  3:17  Siege Tank  
  29  3:18  Marine  
  34  3:25  Orbital Command  
  34  3:30  SCV  
  35  3:38  Medivac  
  37  3:44  Supply Depot  
  37  3:45  SCV  
  38  3:54  Barracks Reactor  
  38  3:56  SCV  
  38  3:57  SCV  
  40  4:03  Refinery  
  40  4:08  Factory Tech Lab  
  40  4:09  SCV x2  
  42  4:11  Stimpack  
  42  4:13  Marine  
  42  4:14  Starport Reactor  
  43  4:21  SCV x2  
  43  4:23  Supply Depot  
  45  4:33  SCV x2  
  45  4:36  Marine x3  
  50  4:45  SCV x2  
  52  4:48  Barracks  
  52  4:54  Barracks  
  52  4:57  SCV x2  
  52  4:58  Supply Depot  
  52  4:59  Marine x2  
  56  5:03  Refinery  
  56  5:05  Marine  
  57  5:07  Medivac x2  
  57  5:09  SCV  
  62  5:20  Marine x2, Siege Tank, SCV  
  68  5:21  SCV  
  68  5:23  Supply Depot  
  69  5:32  SCV  
  70  5:41  Barracks Reactor  
  70  5:42  Barracks Reactor  
  70  5:44  Marine x3, SCV, Medivac x2  
  70  5:48  Supply Depot  
  78  5:52  Supply Depot  
  78  6:00  Liberator x2  
  78  6:06  Siege Tank  
  81  6:16  Supply Depot  
  87  6:18  Marine  
  87  6:19  Marine x5  
  87  6:20  Marine  
  87  6:23  Supply Depot, Combat Shields  
  94  6:38  Command Center  
  94  6:39  Marine x5  
  97  6:41  Marine  
  97  6:46  Liberator  
  100  6:47  Liberator, Siege Tank  
  103  6:54  Supply Depot  
  103  6:56  Supply Depot  
  109  7:13  SCV x2  
  109  7:15  Marine x2  
  111  7:16  Marine x4  
  111  7:19  Marine  
  118  7:27  Supply Depot  
  118  7:28  Siege Tank  
  121  7:30  Liberator x2  
  121  7:34  Marine  
  121  7:35  Marine x4  
  121  7:36  Marine  
  127  7:37  Marine  
  134  7:52  Supply Depot  
  134  7:54  Marine  
  134  7:55  Marine x2  
  134  7:56  Marine  
  138  7:58  Marine  
  139  8:15  Siege Tank  
  142  8:30  Medivac x2  
  142  8:34  Marine x7  
  147  8:38  Supply Depot  
  153  8:43  Liberator x2, Orbital Command  
  153  8:51  Marine  
  157  8:55  Siege Tank  
  157  9:00  Marine  
  157  9:01  Marine x4  
  168  9:03  Marine  
  168  9:27  Marine x5  
  173  9:45  Supply Depot  
  173  9:49  Liberator x2  
  173  9:51  Marine x7  
  172  10:41  Marine x7  
  179  10:50  Siege Tank  
  182  10:58  Marine  
  182  10:59  Marine x6  
  189  11:04  Refinery  
  189  11:05  Refinery  
  189  11:32  Supply Depot  
  189  11:36  Liberator x2  
  189  11:54  Siege Tank  
  165  12:24  Marine x7  
  178  12:39  Medivac x2  
  178  12:41  Marine  
  178  12:42  Marine x6  
  183  12:59  Marine  
  183  13:00  Marine  
  182  13:45  Marine  
  182  13:46  Marine x6  
  150  14:03  Marine  
  150  14:04  Marine x6  
  144  15:14  Medivac  
  144  15:15  Medivac  
  152  15:57  Command Center  
Show
View Real Time Build Order
Export as new Build Order

A.I. 1 (Elite) Zerg 

Build Orders: Pool First, Muta Ling Bane 

Get SALT Encoding   

  12  0:00  Drone  
  13  0:12  Overlord  
  13  0:17  Drone  
  14  0:30  Drone x2  
  14  0:34  Drone  
  17  0:48  Spawning Pool, Drone  
  17  1:12  Hatchery, Drone  
  17  1:18  Extractor  
  16  1:20  Drone  
  16  1:21  Extractor  
  16  1:23  Drone  
  17  1:28  Drone  
  18  1:38  Drone  
  19  1:49  Overlord  
  19  1:53  Queen  
  21  2:00  Zergling x2  
  22  2:10  Drone  
  23  2:23  Queen, Drone  
  23  2:29  Drone  
  27  2:37  Drone  
  27  2:40  Drone  
  29  2:53  Roach Warren  
  29  2:55  Drone  
  29  2:59  Drone  
  29  3:02  Zergling x2  
  29  3:05  Zergling x2  
  32  3:11  Overlord  
  32  3:15  Drone  
  32  3:17  Drone  
  36  3:34  Roach  
  36  3:35  Roach  
  36  3:36  Roach x2  
  42  3:43  Lair  
  42  3:47  Overlord  
  42  3:53  Overlord  
  42  3:57  Zergling x2  
  42  4:01  Zergling x2  
  44  4:06  Zergling x2, Drone  
  44  4:07  Drone  
  47  4:11  Drone  
  47  4:12  Drone  
  47  4:15  Drone  
  50  4:19  Roach  
  50  4:23  Roach  
  54  4:27  Overlord  
  54  4:35  Drone  
  54  4:37  Drone  
  56  4:39  Drone  
  56  4:40  Drone  
  56  4:43  Infestation Pit, Drone  
  58  4:46  Overlord  
  58  4:51  Overlord  
  58  4:54  Roach  
  58  4:57  Roach  
  62  5:06  Hydralisk Den  
  61  5:09  Drone  
  61  5:11  Drone  
  61  5:13  Drone  
  64  5:15  Drone  
  64  5:16  Drone  
  64  5:18  Drone  
  64  5:20  Drone  
  68  5:22  Infestor, Drone  
  68  5:24  Drone  
  68  5:25  Drone  
  73  5:29  Overlord  
  73  5:31  Drone  
  73  5:32  Drone  
  75  5:37  Hydralisk, Drone, Infestor  
  75  5:40  Hydralisk  
  82  5:43  Hydralisk  
  82  5:48  Overlord  
  84  5:53  Roach  
  86  5:57  Metabolic Boost  
  86  5:59  Evolution Chamber  
  85  6:09  Evolution Chamber, Drone  
  85  6:10  Extractor  
  84  6:11  Hatchery  
  84  6:14  Drone  
  84  6:16  Drone  
  85  6:24  Zerg Ground Armor Level 1  
  85  6:25  Evolution Chamber  
  84  6:33  Extractor, Drone  
  84  6:34  Zerg Missile Weapons Level 1  
  84  6:35  Spire, Drone  
  84  6:36  Drone  
  84  6:38  Drone  
  84  6:39  Drone  
  87  6:41  Overlord  
  87  6:50  Zerg Melee Weapons Level 1  
  87  6:56  Drone x2  
  89  7:01  Spine Crawler  
  89  7:02  Drone  
  89  7:05  Ravager  
  89  7:07  Spine Crawler, Roach  
  89  7:08  Drone  
  92  7:19  Ravager  
  92  7:22  Queen, Overlord, Roach  
  95  7:23  Drone x3  
  95  7:24  Drone x4  
  95  7:25  Drone x2  
  95  7:26  Drone  
  95  7:29  Drone  
  108  7:30  Drone  
  108  7:32  Drone  
  108  7:34  Drone  
  111  7:37  Extractor  
  111  7:39  Drone  
  111  7:42  Overlord  
  111  7:44  Drone x2  
  113  7:45  Drone x2  
  113  7:47  Mutalisk  
  113  7:48  Drone x2  
  120  7:51  Drone  
  120  7:53  Baneling Nest  
  120  7:54  Drone  
  120  7:55  Drone  
  120  8:01  Overlord  
  120  8:03  Overseer x2  
  120  8:05  Drone  
  121  8:06  Mutalisk, Glial Reconstitution  
  121  8:09  Pneumatized Carapace  
  121  8:12  Mutalisk  
  125  8:14  Spore Crawler  
  125  8:17  Hatchery  
  125  8:18  Drone  
  125  8:19  Drone  
  125  8:21  Overlord  
  125  8:23  Mutalisk  
  125  8:25  Mutalisk  
  129  8:31  Mutalisk  
  131  8:36  Baneling  
  131  8:37  Baneling  
  131  8:38  Extractor, Baneling x2  
  131  8:39  Overlord, Baneling  
  130  8:41  Zergling x2  
  130  8:42  Baneling  
  130  8:43  Baneling  
  130  8:45  Zergling x2, Baneling  
  130  8:47  Baneling  
  132  8:49  Zergling x2, Baneling  
  132  8:55  Spore Crawler  
  132  9:00  Centrifical Hooks  
  132  9:06  Mutalisk  
  132  9:08  Spine Crawler  
  132  9:09  Drone  
  134  9:16  Zerg Missile Weapons Level 2  
  134  9:19  Queen, Overlord  
  134  9:20  Zergling x2, Baneling x2  
  137  9:29  Drone x3  
  137  9:30  Zergling x6  
  143  9:33  Zerg Melee Weapons Level 2  
  143  9:38  Zergling x2, Baneling  
  143  9:39  Baneling  
  143  9:44  Extractor  
  143  9:45  Drone  
  144  9:47  Spine Crawler  
  144  9:48  Drone  
  144  9:49  Spore Crawler  
  144  9:50  Hatchery, Drone  
  144  9:51  Spine Crawler, Drone  
  144  9:52  Drone  
  144  9:53  Spine Crawler  
  144  9:54  Drone  
  144  9:55  Spine Crawler  
  144  9:56  Drone  
  144  9:57  Extractor  
  144  9:58  Baneling, Drone  
  144  9:59  Zergling x2, Baneling  
  145  10:07  Zergling x2, Corruptor x3, Overlord  
  145  10:10  Zergling x2  
  145  10:11  Roach  
  145  10:12  Zergling x6, Roach  
  142  10:15  Hydralisk  
  142  10:16  Roach  
  142  10:17  Baneling x2  
  142  10:18  Zergling x2, Roach  
  142  10:19  Roach  
  142  10:21  Hydralisk  
  124  10:24  Hydralisk  
  124  10:25  Baneling x2, Roach  
  124  10:26  Zergling x2, Roach  
  125  10:29  Zergling x2  
  125  10:30  Zergling x2, Baneling x2  
  125  10:33  Infestor  
  129  10:40  Infestor  
  129  10:41  Roach  
  135  10:43  Zergling x2, Baneling, Roach  
  135  10:44  Zergling x2, Baneling x2  
  135  10:46  Baneling  
  135  10:47  Zergling x2, Baneling  
  135  10:48  Baneling  
  135  10:49  Zergling x2, Baneling x2  
  139  10:52  Mutalisk  
  141  10:57  Mutalisk  
  141  11:02  Mutalisk  
  145  11:06  Corruptor  
  147  11:11  Extractor, Corruptor  
  147  11:12  Drone  
  147  11:16  Corruptor  
  151  11:20  Corruptor  
  151  11:21  Extractor  
  151  11:22  Drone  
  151  11:23  Spore Crawler  
  151  11:24  Drone  
  151  11:25  Corruptor  
  155  11:29  Drone, Spore Crawler  
  155  11:30  Mutalisk  
  157  11:35  Mutalisk  
  157  11:39  Mutalisk  
  161  11:40  Overlord  
  161  11:41  Spine Crawler  
  161  11:42  Drone  
  161  11:43  Overseer  
  161  11:47  Drone  
  161  11:50  Spine Crawler, Drone  
  161  11:52  Corruptor  
  158  11:55  Drone x2  
  158  11:56  Drone x2  
  158  11:58  Drone  
  158  11:59  Zergling x2  
  158  12:01  Zergling x2  
  157  12:07  Roach  
  127  12:10  Roach  
  127  12:12  Roach  
  127  12:13  Hydralisk  
  127  12:14  Roach, Drone  
  109  12:17  Roach  
  109  12:20  Hydralisk  
  100  12:23  Hydralisk  
  100  12:25  Drone x2  
  100  12:27  Drone  
  100  12:28  Drone  
  100  12:29  Hive  
  105  12:41  Zergling x2  
  105  12:42  Drone  
  105  12:43  Zergling x2  
  108  12:45  Zergling x4  
  108  12:46  Zergling x2  
  108  12:48  Zergling x2  
  108  12:49  Zergling x2  
  108  12:50  Zergling x2  
  108  12:51  Zergling x4, Baneling  
  115  12:54  Baneling  
  115  12:57  Corruptor  
  121  12:58  Baneling  
  119  13:06  Drone  
  119  13:08  Zergling x2  
  119  13:10  Drone  
  119  13:12  Hatchery, Zergling x2  
  118  13:14  Zergling x2  
  118  13:16  Roach  
  118  13:18  Drone  
  114  13:24  Drone x2  
  114  13:25  Drone x2  
  105  13:27  Drone  
  105  13:29  Drone  
  105  13:31  Drone  
  105  13:33  Drone  
  101  13:36  Drone  
  101  13:38  Drone  
  101  13:40  Drone  
  100  13:41  Drone  
  100  13:43  Drone  
  100  13:45  Hatchery, Drone  
  100  13:46  Greater Spire  
  100  13:47  Drone  
  101  13:49  Drone  
  101  13:50  Drone  
  101  13:53  Drone  
  87  13:56  Zergling x2  
  87  13:57  Zergling x2  
  87  14:02  Roach x3  
  43  14:25  Zergling x2, Hydralisk  
  43  14:26  Roach x2  
  35  14:41  Hatchery  
  25  15:10  Hatchery  
Tags
 
Add a new tag
Caveats
  • Supply blocks, unpowered buildings, or Contaminate may cause inaccurate times.
  • Supply counts are checked every 10 seconds.